AoeStats
← JAGGY

Arena

506155293Analyzed
2v2 RM · 19d ago on Sep 12, 2026· 143m 57s· 4 players
Game mode
Random Map
Map size
Medium (4 player)
Population
200
Speed
Normal
Resources
Standard
Victory
Conquest
Starting age
Dark Age
Ending age
Imperial Age
RankedLock teamsTeams togetherTeam positionsShared explorationLock speedFull tech treeHidden civsTurbo modeCheats
Victory
Defeat
🇨🇳 Jurchens · China
899
+18
🇨🇳 Berbers · China
899
+18
🇹🇷 Britons · Türkiye
959
-19
🇬🇷 Byzantines · Greece
925
-17
Alexmaximos
9:41 Feudal Age
9:58 Loom
10:58 Loom
14:34 Castle Age
12:45 Horse Collar
13:32 Double-Bit Axe
15:56 Wheelbarrow
16:05 Bow Saw
21:24 Heavy Plow
25:56 Forging
26:24 Gold Mining
27:21 Scale Barding Armor
29:37 Hand Cart
32:28 Imperial Age
30:08 Husbandry
30:40 Light Cavalry
32:13 Stone Mining
33:23 Chain Barding Armor
34:07 Crop Rotation
34:40 Two-Man Saw
34:18 Iron Casting
33:34 Fletching
33:46 Scale Mail Armor
33:49 Capped Ram
34:26 Hussar
35:54 Plate Barding Armor
35:10 Fletching
35:21 Padded Archer Armor
35:49 Conscription
36:17 Gold Shaft Mining
36:18 Stone Shaft Mining
36:38 Hoardings
35:32 Cavalier
36:34 Heavy Camel Rider
39:56 Bodkin Arrow
41:09 Greek Fire
44:00 Chemistry
43:20 Ballistics
43:11 Fortified Wall
42:57 Murder Holes
42:43 Treadmill Crane
53:24 Onager
53:25 Siege Ram
54:35 Paladin
57:17 Elite Skirmisher
58:03 Thumb Ring
58:22 Crossbowman
84:47 Bracer
85:18 Leather Archer Armor
98:08 Pikeman
98:48 Squires
98:34 Arson
103:40 Halberdier
105:02 Gambesons
108:01 Scale Mail Armor
112:22 Man-at-Arms
113:21 Chain Mail Armor
113:37 Ring Archer Armor
122:03 Plate Mail Armor
JAGGY
11:09 Feudal Age
15:51 Man-at-Arms
18:35 Horse Collar
18:45 Double-Bit Axe
23:25 Castle Age
21:45 Stone Mining
21:48 Gold Mining
24:33 Husbandry
24:01 Light Cavalry
29:01 Fletching
30:45 Gold Shaft Mining
32:46 Padded Archer Armor
33:16 Bow Saw
33:09 Heavy Plow
34:06 Ballistics
34:52 Bodkin Arrow
36:20 Pikeman
37:01 Squires
38:43 Forging
38:34 Scale Mail Armor
40:10 Yeomen
40:53 Iron Casting
40:33 Leather Archer Armor
41:23 Chain Mail Armor
45:26 Imperial Age
45:33 Elite Longbowman
45:41 Elite Longbowman
47:12 Siphons
NID_J.K.Joker
11:22 Feudal Age
16:22 Castle Age
14:33 Double-Bit Axe
14:52 Horse Collar
17:15 Heavy Plow
19:00 Bow Saw
22:14 Ballistics
23:06 Gold Mining
23:07 Stone Mining
23:13 Stone Mining
23:24 Fletching
29:51 Imperial Age
28:01 Wheelbarrow
28:08 Kasbah
28:38 Bloodlines
28:45 Town Watch
29:42 Gold Shaft Mining
29:54 Stone Shaft Mining
30:58 Conscription
31:06 Hand Cart
30:52 Town Patrol
31:47 Crop Rotation
31:36 Husbandry
31:07 Elite Camel Archer
33:54 Chemistry
32:50 Murder Holes
33:02 Bodkin Arrow
33:48 Scale Barding Armor
33:44 Bracer
35:09 Chain Barding Armor
35:31 Maghrebi Camels
36:16 Forging
35:31 Heavy Camel Rider
40:46 Plate Barding Armor
40:47 Iron Casting
47:12 Blast Furnace
50:31 Thumb Ring
50:04 Elite Genitour
52:07 Cavalier
52:10 Light Cavalry
53:41 Treadmill Crane
54:08 Siege Engineers
67:53 Redemption
83:27 Scale Mail Armor
83:43 Pikeman
84:24 Squires
84:09 Arson
108:19 Hoardings
108:02 Masonry
113:10 Caravan
131:12 Heavy Scorpion
135:49 Light Cavalry
136:43 Hussar
不可描述
11:25 Feudal Age
12:13 Double-Bit Axe
16:36 Castle Age
15:50 Horse Collar
17:54 Squires
21:07 Gambesons
27:07 Wheelbarrow
27:21 Forging
27:02 Fletching
26:49 Elite Skirmisher
27:39 Town Watch
28:12 Pikeman
30:53 Bodkin Arrow
32:22 Scale Barding Armor
33:08 Gold Mining
33:14 Stone Mining
34:13 Heavy Plow
34:29 Bow Saw
40:41 Imperial Age
40:47 Imperial Age
38:39 Fortified Bastions
38:41 Treadmill Crane
39:21 Ballistics
39:13 Masonry
39:12 Siege Engineers
40:28 Gold Shaft Mining
42:16 Bracer
42:18 Padded Archer Armor
43:20 Crop Rotation
44:21 Iron Casting
44:52 Chemistry
43:48 Murder Holes
48:31 Conscription
49:09 Iron Casting
48:50 Leather Archer Armor
50:17 Thunderclap Bombs
50:32 Arrowslits
50:50 Scale Mail Armor
55:54 Ring Archer Armor
55:43 Chain Mail Armor
68:27 Blast Furnace
67:30 Husbandry
67:40 Bloodlines
67:57 Halberdier
76:57 Two-Man Saw
79:22 Architecture
79:04 Fortified Wall
81:32 Arson
103:33 Elite Genitour
113:10 Caravan
129:05 Elite Iron Pagoda
133:58 Chain Barding Armor
135:15 Plate Barding Armor
Connection lost

Rejoining the realm…

Still unreachable

The connection could not be restored.

Session expired

The server has moved on; the page needs a fresh start.